 Dungeon Crawl Stone Soup version 0.24-a0-504-gcfb02b9d07 (webtiles) character file.

Game seed: 16222014224629450313

3834 KristoblXynda the Cleaver (level 9, 0/74 HPs)
             Began as a White Draconian Gladiator on July 17, 2019.
             Was a Follower of Ashenzari.
             Slain by a hornet zombie (4 damage)
             ... on level 8 of the Dungeon.
             The game lasted 00:13:57 (9096 turns).

KristoblXynda the Cleaver (DrGl)                    Turns: 9096, Time: 00:13:57

Health: 0/74       AC: 10    Str: 16    XL:     9   Next: 98%
Magic:  13/13      EV: 16    Int: 12    God:    Ashenzari [*.....]
Gold:   319        SH:  5    Dex: 13    Spells: 8/8 levels left

rFire    . . .     SeeInvis .   a - +0 war axe
rCold    + . .     Gourm    +   y - +0 buckler (curse)
rNeg     . . .     Faith    .   (armour unavailable)
rPois    +         Spirit   .   b - +0 hat
rElec    .         Reflect  .   s - +2 cloak {rPois} (curse)
rCorr    .         Harm     .   (no gloves)
MR       .....                  (no boots)
Stlth    ++........             e - amulet of the gourmand
HPRegen  0.22/turn              p - ring of wizardry
MPRegen  0.13/turn              r - ring of stealth

@: lethally poisoned (0 -> -1), about to teleport
A: breathe frost, unfitting armour, cold resistance 1, cold-blooded, AC +7
a: Breathe Frost, Curse Item, Scrying, Renounce Religion


You were on level 8 of the Dungeon.
You worshipped Ashenzari.
Ashenzari was aware of your devotion.
You were very full.

You visited 2 branches of the dungeon, and saw 9 of its levels.
You also visited: Ossuary.

You collected 431 gold pieces.
You spent 112 gold pieces at shops.

Inventory:

Hand Weapons
 a - a +0 war axe (weapon)
Missiles
 c - 2 throwing nets (quivered)
Armour
 b - a +0 hat (worn)
 s - a cursed +2 cloak of poison resistance (worn)
 y - a cursed +0 buckler (worn)
Jewellery
 e - an amulet of the gourmand (around neck)
 p - a ring of wizardry (left hand)
 r - a ring of stealth (right hand)
Wands
 h - a wand of flame (12)
 k - a wand of polymorph (3)
Scrolls
 g - 6 scrolls of teleportation
 l - 4 scrolls of amnesia
 n - a scroll of fear
 t - 2 scrolls of magic mapping
 v - 4 scrolls of remove curse
Potions
 m - 2 potions of brilliance
 q - 4 potions of flight
 u - a potion of might
 w - 2 potions of haste
 x - a potion of agility
 z - a potion of curing
 A - a potion of cancellation
 C - a potion of berserk rage {unknown}
Comestibles
 d - 15 rations


   Skills:
 - Level 5.0 Fighting
 + Level 9.5 Axes
 - Level 2.0 Throwing
 + Level 7.1 Dodging
 + Level 4.4 Shields
 + Level 5.6 Evocations


You had 8 spell levels left.
You didn't know any spells.
Your spell library contained the following spells:

 Spells                   Type           Power        Failure   Level  Hunger
 Sandblast                Erth           #.....       13%         1    ##.....
 Sting                    Conj/Pois      #...         13%         1    ##.....
 Passwall                 Tmut/Erth      #.......     21%         2    ###....
 Poisonous Vapours        Pois/Air       #.....       21%         2    ###....
 Mephitic Cloud           Conj/Pois/Air  #.......     36%         3    ####...
 Stone Arrow              Conj/Erth      #.....       36%         3    ####...
 Olgreb's Toxic Radiance  Pois           #.......     75%         4    #####..
 Petrify                  Tmut/Erth      #.......     75%         4    #####..
 Lee's Rapid Deconstruct  Erth           #.........   97%         5    ######.
 Venom Bolt               Conj/Pois      #.........   97%         5    ######.


Dungeon Overview and Level Annotations

Branches:
Dungeon (8/15)             Temple (1/1) D:4
   Lair: D:8-11

Altars:
Ashenzari
Cheibriados
Dithmenos
Elyvilon
Fedhas
Gozag
Hepliaklqana
Kikubaaqudgha
Makhleb
Nemelex Xobeh
Okawaru
Qazlal
Ru
Sif Muna
Trog
Uskayaw
Vehumet
Wu Jian
Xom
Yredelemnul
Zin
The Shining One

Shops:
D:6 [


Innate Abilities, Weirdness & Mutations

You can breathe waves of freezing cold.
You can buffet flying creatures when you breathe cold.
Your icy white scales are hard. (AC +7)
You cannot fit into any form of body armour.
Your flesh is cold resistant. (rC+)
You are cold-blooded and may be slowed by cold attacks.


Message History

The hornet zombie misses you.
You completely miss the hornet zombie.
The hornet zombie is moderately damaged.
The hornet zombie hits you.
* * * LOW HITPOINT WARNING * * *
The hornet zombie hits you.
* * * LOW HITPOINT WARNING * * *
You hit the hornet zombie.
The hornet zombie is heavily damaged.
You feel sick. The hornet zombie closely misses you.
You barely miss the hornet zombie.
The hornet zombie is heavily damaged.
The hornet zombie closely misses you. The hornet zombie hits you!
* * * LOW HITPOINT WARNING * * *
You feel sick.
Okay, then.
As you read the scroll of teleportation, it crumbles to dust.
You feel strangely unstable. The hornet zombie hits you.
You die...

##'#####
.......##########################
.............................#...
.y...........................#...
..>..........................#...
.............................#...
.......##...............>....#...
#########...####Z#######...###..#
#...####@####.##...###..#
.....#.....'....#....#...'
......#...).#....#....#...#
####...#.....#....#....'...#
#...#.....#....#....#...#
##+####'####..###..##
##.####.####..###..##
...............#...#.
...............#...#.


You could see a hornet zombie.

Vanquished Creatures
  A two-headed ogre (D:8)
  A swamp dragon (D:7)
  Grinder (D:5)
  Sigmund (D:5)
  A hungry ghost (D:7)
  2 black bears
  An ogre (D:6)
  2 phantoms
  A centaur (D:5)
  A big kobold (D:7)
  4 bullfrogs
  A scorpion (D:4)
  A killer bee (D:8)
  5 wights (D:4)
  2 crimson imps (D:5)
  A centaur zombie (D:7)
  Crazy Yiuf (D:2)
  A hound (D:8)
  2 human zombies (Ossuary)
  A bullfrog skeleton (D:4)
  3 orc priests
  7 orc wizards
  2 iguanas
  6 worker ants
  A hound skeleton (D:4)
  3 mummies (Ossuary)
  Robin (D:2)
  7 gnolls
  10 adders
  A shadow imp (D:5)
  An ooze (D:5)
  4 adder zombies
  An adder skeleton (D:4)
  A worm (D:3)
  A dart slug (D:1)
  2 leopard geckos
  19 orcs
  3 giant cockroaches
  A gnoll zombie (D:5)
  11 goblins
  6 hobgoblins
  6 jackals
  A quokka (D:7)
  4 bats
  2 frilled lizards
  A goblin zombie (Ossuary)
  A hobgoblin zombie (Ossuary)
  8 kobolds
  4 kobold zombies (Ossuary)
  2 orc zombies (Ossuary)
  A quokka skeleton (D:5)
  2 quokka zombies (Ossuary)
  2 rats
  3 rat zombies (Ossuary)
  2 fungi (D:2)
161 creatures vanquished.

Vanquished Creatures (others)
  A bullfrog (D:7)
  A jackal (D:7)
  A fungus (D:2)
3 creatures vanquished.

Grand Total: 164 creatures vanquished

Notes
Turn   | Place    | Note
-------+----------+-------------------------------------------
     0 | D:1      | KristoblXynda the Draconian Gladiator began the quest for
                  | the Orb.
     0 | D:1      | Reached XP level 1. HP: 17/17 MP: 1/1
   127 | D:1      | Reached XP level 2. HP: 23/24 MP: 2/2
   876 | D:2      | Reached XP level 3. HP: 19/30 MP: 3/3
  1144 | D:2      | Reached skill level 4 in Axes
  1180 | D:2      | Reached XP level 4. HP: 32/37 MP: 4/4
  1314 | D:2      | Noticed Robin
  1328 | D:2      | Killed Robin
  1662 | D:2      | Found a runed translucent door.
  1663 | D:2      | Noticed Crazy Yiuf
  2443 | D:3      | Found a deep blue altar of Sif Muna.
  2460 | D:3      | Reached XP level 5. HP: 45/45 MP: 5/5
  2957 | D:2      | Killed Crazy Yiuf
  3438 | D:4      | Reached skill level 5 in Axes
  3719 | D:4      | Reached XP level 6. HP: 47/52 MP: 6/6
  3980 | D:4      | Found a staircase to the Ecumenical Temple.
  3989 | Temple   | Entered the Ecumenical Temple
  3996 | Temple   | Became a worshipper of Ashenzari the Shackled
  4364 | D:4      | Your scales start taking on an icy white colour.
  4364 | D:4      | Reached XP level 7. HP: 42/60 MP: 7/7
  4364 | D:4      | Gained mutation: Your flesh is cold resistant. (rC+) [White
                  | Draconian growth]
  4659 | D:4      | Reached skill level 6 in Axes
  4921 | D:5      | Entered Level 5 of the Dungeon
  4963 | D:5      | Found a sand-covered staircase.
  4975 | Ossuary  | Entered an ossuary
  5363 | D:5      | Reached skill level 5 in Fighting
  5367 | D:5      | Noticed Grinder
  5371 | D:5      | Paralysed by Grinder for 4 turns
  5380 | D:5      | Killed Grinder
  5380 | D:5      | Reached skill level 7 in Axes
  5380 | D:5      | Reached skill level 5 in Dodging
  5380 | D:5      | Reached skill level 1 in Evocations
  5380 | D:5      | Reached XP level 8. HP: 48/68 MP: 7/9
  5792 | D:5      | Noticed Sigmund
  5806 | D:5      | Killed Sigmund
  5932 | D:5      | Reached skill level 8 in Axes
  6874 | D:6      | Found Lyweku Oteiv's Antique Armour Shop.
  6882 | D:6      | Bought a buckler for 112 gold pieces
  7196 | D:6      | Reached skill level 1 in Shields
  7473 | D:6      | Reached * piety under Ashenzari
  7645 | D:7      | Reached XP level 9. HP: 70/74 MP: 11/11
  7748 | D:7      | Noticed a swamp dragon
  7778 | D:7      | Killed a swamp dragon
  7778 | D:7      | Reached skill level 9 in Axes
  8190 | D:7      | Reached skill level 5 in Evocations
  8590 | D:7      | Found a hide-covered altar of Uskayaw.
  8882 | D:8      | Noticed a two-headed ogre
  8906 | D:8      | Killed a two-headed ogre
  9094 | D:8      | HP: 3/74 [poisoned by a killer bee]
  9096 | D:8      | Slain by a hornet zombie

Levels and vault maps discovered:
D:1:      dpeg_arrival_pond, layout_basic, hangedman_decor_points
D:2:      layout_rooms, uniq_crazy_yiuf_cottage, uniq_robin
D:3:      layout_basic, overflow_temple_1_default
D:4:      layout_gridville, minmay_temple_entry_purple_smoke, first_ration,
          chequers_serial_rivers_small_3, minmay_misc_feat_more_columns
D:5:      layout_gridville, enter_ossuary_3, grunt_ministairs_2, uniq_sigmund,
          uniq_grinder
D:6:      layout_loops_ring, serial_shops, shop
D:7:      layout_rooms, basic_altar
D:8:      layout_gridville
Temple:   compressed_dpeg_triangle_lava_temple

Skill      XL: |  1  2  3  4  5  6  7  8  9 |
---------------+----------------------------+-----
Throwing       | 2 |  2.0
Dodging        | 3 4 5 6 7 |  7.1
Axes           | 4 5 7 8 9 |  9.5
Fighting       | 3 4 5 |  5.0
Evocations     | 1 3 5 |  5.6
Shields        | 2 4 |  4.4

Action                   |  1- 3 |  4- 6 |  7- 9 || total
-------------------------+-------+-------+-------++-------
Melee: War axe           |    43 |   168 |   395 ||   606
       Tailslap          |     4 |    30 |    52 ||    86
Throw: Throwing net      |       |     1 |     2 ||     3
Invok: Curse Item        |       |     1 |     1 ||     2
 Abil: Breathe Frost     |       |       |     5 ||     5
Evoke: Wand              |       |       |     5 ||     5
  Use: Scroll            |       |     4 |    14 ||    18
       Potion            |       |     1 |     4 ||     5
 Stab: Sleeping          |       |     1 |     8 ||     9
  Eat: Chunk             |    10 |     9 |    27 ||    46
       Ration            |       |       |     1 ||     1
Armor: Skin              |    15 |    52 |   160 ||   227
Dodge: Dodged            |    32 |   129 |   298 ||   459
Block: Buckler           |       |       |    43 ||    43

Table legend:
 A = Non-vault XP
 B = Vault XP
 C = Vault XP percentage of total XP
 D = Non-vault monster count
 E = Vault monster count
 F = Vault count percentage of total count
                 A         B        C        D         E       F
            +---------+---------+-------+---------+---------+-------
      Total |    4665 |     813 |  14.8 |     120 |      39 |  24.5
            +---------+---------+-------+---------+---------+-------
        D:1 |      32 |       0 |   0.0 |      10 |       0 |   0.0
        D:2 |      86 |      78 |  47.6 |      14 |      13 |  48.1
        D:3 |      62 |       0 |   0.0 |      11 |       0 |   0.0
        D:4 |     673 |       0 |   0.0 |      21 |       0 |   0.0
        D:5 |     431 |     566 |  56.8 |      15 |       5 |  25.0
        D:6 |     462 |       0 |   0.0 |      12 |       0 |   0.0
        D:7 |    1894 |       0 |   0.0 |      33 |       0 |   0.0
        D:8 |    1025 |       0 |   0.0 |       4 |       0 |   0.0
    Ossuary |       0 |     169 | 100.0 |       0 |      21 | 100.0
            +---------+---------+-------+---------+---------+-------
